Map: Sueño eterno EE

Players

HARO

  • Race: Protoss Protoss
  • League: Silver
  • Spawn Location: 7:00

MrFercho - Winner!

  • Race: Zerg Zerg
  • League: Silver
  • Spawn Location: 1:00

VOD

Have the link to the VOD?

Description

Time

  • Played on: July 3, 2020, 12:57 a.m.
  • Length: 15:04
Show
View Real Time Build Order
Export as new Build Order

HARO Protoss 

Build Orders: 1 Gate Expand 

Get SALT Encoding   

  12  0:02  Probe  
  13  0:19  Pylon  
  13  0:23  Probe  
  14  0:35  Probe  
  15  0:40  Gateway  
  15  0:44  Probe  
  16  0:52  Assimilator  
  16  0:53  Probe  
  17  1:04  Gateway  
  17  1:09  Probe  
  18  1:21  Probe  
  19  1:39  Probe  
  20  1:44  Nexus  
  20  1:50  Zealot  
  20  1:53  Cybernetics Core  
  22  2:03  Probe  
  23  2:09  Assimilator  
  23  2:19  Pylon  
  23  2:36  Stalker  
  23  2:37  Stalker, Probe  
  28  2:49  Probe  
  28  2:51  Gateway  
  29  2:58  Probe  
  29  3:03  Probe  
  31  3:17  Shield Battery  
  31  3:18  Probe x2  
  33  3:23  Robotics Facility  
  33  3:37  Warp Gate  
  33  3:53  Probe x2  
  35  4:03  Gateway  
  35  4:06  Stalker x2  
  35  4:07  Stalker  
  35  4:09  Observer  
  41  4:11  Probe  
  41  4:12  Probe  
  44  4:26  Pylon  
  44  4:29  Twilight Council  
  44  4:31  Probe  
  45  4:37  Probe  
  46  4:43  Pylon  
  46  4:45  Immortal  
  50  4:47  Probe  
  50  4:49  Pylon  
  50  4:51  Probe  
  52  5:00  Probe  
  53  5:07  Templar Archives  
  53  5:11  Probe  
  54  5:17  Probe  
  55  5:27  Probe  
  56  5:29  Immortal  
  60  5:38  Probe  
  61  5:43  Assimilator  
  61  5:45  Assimilator, Probe  
  62  5:50  Robotics Facility  
  62  5:58  Probe x2  
  62  6:01  Adept x2  
  62  6:02  Adept  
  70  6:11  Pylon  
  70  6:12  Pylon  
  70  6:15  Pylon  
  70  6:21  Immortal  
  70  6:29  Probe x2  
  76  6:41  Probe x2  
  76  6:44  Pylon  
  78  6:47  Pylon  
  78  6:51  Stalker x3  
  84  7:05  Immortal  
  84  7:06  Immortal  
  92  7:24  Adept x2  
  92  7:25  Adept  
  92  7:27  Adept  
  100  7:41  Probe x2  
  102  8:07  Immortal, Nexus  
  102  8:08  Immortal  
  102  8:11  Pylon  
  110  8:26  Psionic Storm  
  96  8:45  Immortal  
  96  8:46  Immortal  
  104  8:56  Gateway x2  
  104  8:59  Gateway  
  104  9:04  High Templar x3  
  110  9:11  Probe x2  
  110  9:16  Immortal x2  
  120  9:38  Gateway  
  120  9:39  Probe x2  
  122  9:55  Immortal x2  
  130  10:12  Zealot  
  132  10:20  Pylon  
  132  10:22  Pylon  
  132  10:24  Pylon  
  132  10:26  Pylon  
  132  10:38  Immortal x2  
  132  10:40  Pylon  
  132  10:41  Probe  
  132  10:42  Pylon, Probe  
  142  10:45  Charge, Pylon  
  142  10:50  Zealot  
  142  10:51  Zealot x6  
  156  10:58  Probe x2  
  158  11:15  Zealot x3  
  158  11:16  Zealot x3  
  170  11:18  Nexus  
  170  11:20  Pylon, Zealot  
  172  11:30  Pylon  
  172  11:31  Pylon  
  172  11:33  Pylon  
  172  11:37  Observer  
  173  11:41  Zealot x3  
  173  11:42  Zealot x4  
  187  11:52  Forge, Observer  
  187  11:58  Pylon  
  187  12:01  Pylon  
  188  12:04  Pylon, Zealot x3  
  188  12:05  Zealot x3  
  192  12:44  High Templar x4  
  190  12:45  High Templar  
  114  13:18  Zealot x3  
  114  13:19  Zealot x4  
  60  13:55  Zealot  
  60  13:56  Zealot x3  
  60  13:57  Zealot  
  60  13:58  Zealot  
  60  13:59  Zealot  
  74  14:18  Stalker x5  
  74  14:19  Stalker x2  
  88  14:51  Stalker x4  
  88  14:52  Stalker x3  
Show
View Real Time Build Order
Export as new Build Order

MrFercho Zerg - Winner!

Build Orders: Hatch First, Lurkers, Roach Hydra 

Get SALT Encoding   

  12  0:07  Drone  
  13  0:15  Overlord  
  13  0:17  Drone  
  14  0:33  Drone x2  
  16  0:52  Hatchery  
  16  0:54  Drone  
  16  1:09  Spawning Pool  
  15  1:11  Drone  
  15  1:17  Drone  
  17  1:20  Drone  
  17  1:23  Drone  
  19  1:31  Extractor  
  18  1:33  Drone  
  19  1:44  Drone  
  20  1:56  Queen  
  20  1:57  Overlord  
  22  2:12  Queen  
  22  2:15  Drone x2  
  26  2:30  Drone  
  26  2:31  Drone x3  
  26  2:36  Lair  
  30  2:38  Drone x2  
  32  2:47  Drone  
  32  2:48  Drone  
  34  2:56  Queen  
  36  3:11  Roach Warren  
  36  3:12  Overlord x3  
  35  3:23  Drone  
  36  3:28  Extractor  
  36  3:29  Drone  
  36  3:30  Extractor, Drone x3  
  38  3:54  Glial Reconstitution, Evolution Chamber  
  37  3:58  Roach x4  
  37  3:59  Roach  
  37  4:02  Drone x3  
  50  4:10  Drone x2  
  52  4:23  Zerg Missile Weapons Level 1  
  52  4:25  Spine Crawler  
  52  4:29  Spine Crawler  
  52  4:30  Drone  
  51  4:33  Roach x3  
  57  4:45  Drone x3  
  60  4:52  Overlord  
  60  4:53  Overlord x2  
  60  5:16  Evolution Chamber  
  60  5:17  Roach x2  
  60  5:19  Drone x6  
  69  5:37  Hatchery  
  68  5:44  Hydralisk Den  
  68  5:47  Zerg Ground Armor Level 1  
  67  5:53  Drone x8  
  75  5:59  Overseer  
  75  6:15  Drone  
  76  6:19  Grooved Spines  
  76  6:40  Extractor  
  75  6:47  Infestation Pit  
  75  6:51  Lurker Den  
  75  6:52  Drone x12  
  75  6:53  Drone  
  86  6:57  Extractor  
  86  6:58  Extractor  
  84  7:03  Queen  
  84  7:05  Overlord x4  
  84  7:06  Overlord  
  86  7:15  Drone  
  86  7:20  Zerg Missile Weapons Level 2  
  87  7:23  Hive  
  87  7:26  Hydralisk x7  
  101  7:30  Muscular Augments  
  101  7:35  Drone x4  
  105  7:40  Drone  
  105  7:41  Drone x2  
  108  7:50  Zerg Ground Armor Level 2  
  108  8:20  Hydralisk x7  
  108  8:21  Hydralisk x4  
  128  8:30  Spore Crawler  
  126  8:36  Spine Crawler  
  126  8:39  Spine Crawler  
  124  8:41  Overlord x5  
  124  8:42  Overlord x4  
  124  8:50  Spore Crawler  
  123  8:56  Spine Crawler  
  122  9:21  Drone x9  
  122  9:22  Drone  
  132  9:49  Hatchery  
  132  9:52  Zerg Missile Weapons Level 3  
  131  9:55  Adaptive Talons  
  131  9:57  Hydralisk x9  
  149  10:04  Hatchery  
  148  10:08  Zerg Ground Armor Level 3  
  148  10:12  Drone  
  148  10:13  Drone x2  
  151  10:16  Extractor x2  
  149  10:37  Drone x2  
  149  10:38  Drone x8  
  159  10:49  Hydralisk x7  
  163  10:52  Seismic Spines  
  163  10:54  Lurker x3  
  163  10:55  Lurker x3  
  179  10:59  Hydralisk x4  
  187  11:10  Drone  
  187  11:11  Drone x2  
  190  11:41  Viper  
  193  11:57  Drone x3  
  193  11:58  Drone  
  197  12:06  Hydralisk  
  199  12:22  Extractor  
  198  12:26  Extractor  
  185  12:56  Hydralisk x8  
  185  12:57  Hydralisk x19  
  185  12:58  Hydralisk x3  
  195  12:59  Hydralisk x2  
  162  13:15  Hydralisk, Spire  
  162  13:16  Hydralisk x15  
  190  13:23  Metabolic Boost  
  190  13:26  Hatchery  
  173  13:43  Hydralisk x14  
  173  13:59  Overseer x3  
  173  14:07  Hydralisk x8  
  189  14:11  Zergling x2  
  189  14:12  Zergling x10  
  195  14:28  Lurker x4  
Tags
 
Add a new tag
Caveats
  • Supply blocks, unpowered buildings, or Contaminate may cause inaccurate times.
  • Supply counts are checked every 10 seconds.